 Dungeon Crawl Stone Soup version 0.26-a0-812-g31a745ddcd (webtiles) character file.

Game seed: 15032706428520247331

52444 CypherZel the Martial Artist (level 14, -5/154 HPs)
             Began as an Octopode Transmuter on Nov 15, 2020.
             Was the Champion of Cheibriados.
             Slain by a death yak (7 damage)
             ... on level 6 of the Lair of Beasts.
             The game lasted 03:30:15 (36557 turns).

CypherZel the Martial Artist (Octopode Transmuter) Turns: 36557, Time: 03:30:15

Health: -5/154     AC: 27    Str: 25    XL:     14   Next: 64%
Magic:  13/28      EV:  2    Int: 40    God:    Cheibriados [******]
Gold:   1136       SH:  0    Dex: 34    Spells: 2/33 levels left

rFire    . . .     SeeInvis .   r - staff of conjuration
rCold    . . .     Faith    .   (no shield)
rNeg     + + +     Spirit   .   (helmet currently unavailable)
rPois    +         Reflect  .   b - amulet of the acrobat
rElec    .         Harm     .   g - +6 ring of intelligence
rCorr    .         Rampage  .   o - ring of wizardry
MR       ++...     NoTele   +   p - ring of stealth
Stlth    ++++++....             m - ring "Yrghomi" {MR+ Dex+6}
HPRegen  0.35/turn              G - ring of positive energy
MPRegen  0.21/turn              (no ring)
                                (no ring)
                                (no ring)

@: mighty, tree-form, wereblooded (expiring), very slow
A: almost no armour, stealthy swim, (amphibious), 8 rings, (constrict 8)
a: Bend Time, Temporal Distortion, Slouch, Step From Time, Renounce Religion


You were on level 6 of the Lair of Beasts.
You worshipped Cheibriados.
Cheibriados was exalted by your worship.
You were a tree.
You visited 3 branches of the dungeon, and saw 17 of its levels.
You also visited: Ice Cave.

You collected 1136 gold pieces.

Inventory:

Missiles
 d - 399 stones (quivered)
 f - 88 poisoned darts
Armour
 H - a +2 hat of intelligence (melded)
Magical Staves
 r - an uncursed staff of conjuration (weapon)
 t - an uncursed staff of poison
Jewellery
 b - an amulet of the acrobat (around neck)
 c - a cursed amulet of inaccuracy
 g - a +6 ring of intelligence (left branch)
 m - the ring "Yrghomi" (on tentacle) {MR+ Dex+6}
   (You found it on level 6 of the Dungeon)

   [ring of dexterity]

   It affects your dexterity (+6).
   It affects your resistance to hostile enchantments.
 o - a ring of wizardry (right branch)
 p - a ring of stealth (on tentacle)
 y - an uncursed ring of attention
 E - an uncursed amulet of reflection
 G - a ring of positive energy (on tentacle)
 K - an uncursed amulet of regeneration
 N - an uncursed ring of ice
 O - an uncursed amulet of guardian spirit
Wands
 u - a wand of enslavement (14)
 w - a wand of iceblast (4)
 A - a wand of polymorph (25)
 J - a wand of acid (18)
 L - a wand of flame (13)
Scrolls
 i - 7 scrolls of remove curse
 j - 2 scrolls of amnesia
 x - 5 scrolls of enchant armour
 B - 2 scrolls of immolation
 M - a scroll of enchant weapon
 P - a scroll of magic mapping
Potions
 a - 4 potions of mutation
 e - 2 potions of cancellation
 h - a potion of curing
 k - a potion of haste
 l - a potion of berserk rage
 n - a potion of magic {unknown}
 q - 3 potions of degeneration
 v - a potion of lignification
 z - 2 potions of flight
 C - a potion of brilliance {unknown}
 D - a potion of resistance {unknown}
Miscellaneous
 F - a tin of tremorstones (2/2)
 I - a lightning rod (4/4)


   Skills:
 - Level 12.0 Fighting
 - Level 6.0 Dodging
 - Level 9.0 Stealth
 - Level 12.0 Unarmed Combat
 - Level 10.0 Spellcasting
 - Level 11.0 Conjurations
 + Level 2.8 Summonings
 - Level 7.5 Transmutations
 + Level 2.3 Evocations


You had 2 spell levels left.
You knew the following spells:

 Your Spells              Type           Power        Failure   Level
a - Beastly Appendage     Tmut           ######       1%          1
b - Wereblood             Tmut           ######..     1%          2
c - Bolt of Magma         Conj/Fire/Erth ######....   4%          5
d - Blade Hands           Tmut           ######....   1%          5
e - Ice Form              Ice/Tmut       ######..     1%          4
f - Orb of Destruction    Conj           ########..   6%          7
g - Spellforged Servitor  Conj/Summ      #######...   32%         7

Your spell library contained the following spells:

 Spells                   Type           Power        Failure   Level
 Summon Small Mammal      Summ           ####         1%          1
 Call Imp                 Summ           #####...     1%          2
 Corpse Rot               Necr/Air       N/A          1%          2
 Sublimation of Blood     Necr           ###.......   1%          2
 Call Canine Familiar     Summ           #####...     1%          3
 Spider Form              Tmut/Pois      ######....   1%          3
 Summon Guardian Golem    Hex/Summ       ####....     1%          3
 Iskenderun's Battlesphe  Conj           ########     1%          5
 Summon Ice Beast         Ice/Summ       ####....     4%          4
 Summon Lightning Spire   Summ/Air       ####....     4%          4
 Dispel Undead            Necr           ###.....     7%          4
 Conjure Ball Lightning   Conj/Air       #######...   12%         6
 Iron Shot                Conj/Erth      #######...   12%         6
 Agony                    Necr           ###.....     19%         5
 Excruciating Wounds      Necr           ###.......   19%         5
 Shadow Creatures         Summ           N/A          32%         6
 Invisibility             Hex            ###.....     69%         6
 Ozocubu's Refrigeration  Ice            ###.......   69%         6
 Simulacrum               Ice/Necr       ###.......   69%         6


Dungeon Overview and Level Annotations

Branches:
Dungeon (10/15)            Temple (1/1) D:7            Lair (6/6) D:9
  Swamp (0/4) Lair:4        Snake (0/4) Lair:4        IceCv (visited)
  Slime: Lair:5-6       Orc: D:9-12

Altars:
Ashenzari
Cheibriados
Dithmenos
Elyvilon
Fedhas
Gozag
Hepliaklqana
Kikubaaqudgha
Makhleb
Nemelex Xobeh
Okawaru
Qazlal
Ru
Sif Muna
Trog
Uskayaw
Vehumet
Wu Jian
Xom
Yredelemnul
Zin
The Shining One

Shops:
D:10 [

Annotations:
D:3 1 runed translucent door, exclusion: door, Crazy Yiuf
D:6 exclusions: Blork the orc, two-headed ogre and worker ant, Prince Ribbit
D:8 3 runed translucent doors, exclusion: 3 doors, Bliebski's ghost, novice OpTm
D:9 exclusion: orange crystal statue
Lair:2 3 runed translucent doors, exclusions: 3 doors, ice dragon and simulacrum, Hakynarric's ghost, journeyman TrFi
Lair:4 exclusion: downstairs
Lair:5 exclusion: 2 oklob plants


Innate Abilities, Weirdness & Mutations

You cannot wear most types of armour.
You are very stealthy in the water. (Stealth+)
((You are amphibious.))
You can wear up to eight rings at the same time.
((You can use your tentacles to constrict eight enemies at once.))
((Your skin changes colour to match your surroundings (Stealth+).))
((Your rubbery body absorbs attacks. (AC +1, EV +1)))


Message History

The death yak is moderately wounded.
You creak as the wereblood boils in your veins!
You hear a bellow!
The death yak gores you but does no damage. x2
A death yak comes into view.
You hit the death yak!
The death yak is moderately wounded.
The death yak gores you!
* * * LOW HITPOINT WARNING * * *
The death yak moves out of view.
You hit the death yak. You punch the death yak.
The death yak is heavily wounded.
Your primal bloodlust is almost over.
The death yak barely misses you.
You hit the death yak!
You blast the death yak!
The death yak is moderately wounded.
The death yak gores you!
* * * LOW HITPOINT WARNING * * *
The death yak gores you!
You die...

#................. #
#................ ##.
#######...............
.#Y..##..#.#................
.....................†......
...Y.$....YF[...............
...YY....YY.................
.#..##P.Y#Y#YF..P........... ##
######♣##...##.P.......
######P##.........
#####........ #.#....... ######
#####........ #.####P.P.##
######...#........
..#.#.....)###.#.##............
..........<...........P........
...............................


You could see 5 death yaks and a blink frog.

Vanquished Creatures
  Gastronok (Lair:1)
  10 hydras
  3 death yaks (Lair:6)
  2 bog bodies (Lair:4)
  A lindwurm (Lair:4)
  An ugly thing (IceCv)
  26 elephants
  6 black mambas
  An ice statue (Lair:6)
  16 cane toads
  3 rime drakes
  4 komodo dragons
  An ice devil (Lair:6)
  A troll (D:10)
  3 polar bears (Lair:6)
  A tyrant leech (Lair:1)
  Grinder (D:5)
  28 blink frogs
  5 dream sheep (Lair:4)
  A shadow (D:7)
  Sigmund (D:5)
  2 wyverns
  A wraith (D:9)
  29 yaks
  A golden eye (D:10)
  2 basilisks
  Grum (D:8)
  6 nagas (Lair:4)
  2 swamp worms (Lair:4)
  15 water moccasins
  An orc warrior (D:9)
  15 ice beasts
  2 black bears
  A phantom (D:4)
  2 sky beasts
  An eye of draining (D:10)
  3 ogres
  16 wolves
  3 centaurs
  Blork the orc (D:6)
  11 bullfrogs
  A water moccasin skeleton (D:6)
  3 scorpions
  19 wights
  A howler monkey (D:5)
  4 electric eels
  2 bullfrog zombies (D:7)
  A hound (D:9)
  5 jellies
  3 centaur skeletons
  3 orc priests
  A bullfrog skeleton (D:9)
  A gnoll shaman (D:5)
  Ijyb (D:4)
  Natasha (twice) (D:2)
  9 worker ants
  4 iguanas
  12 hell rats
  4 orc wizards
  A killer bee zombie (D:10)
  2 hound zombies
  12 gnolls
  6 river rats (Lair:5)
  10 adders
  A shadow imp (D:10)
  3 white imps
  An ooze (D:6)
  An adder skeleton (D:5)
  A worm (D:2)
  3 dart slugs (D:1)
  4 leopard geckos
  23 orcs
  11 giant cockroaches
  12 goblins
  13 hobgoblins
  11 jackals
  7 kobolds
  3 quokkas
  5 ball pythons
  10 bats
  4 frilled lizards
  A jackal skeleton (D:5)
  10 rats
  A butterfly (Lair:2)
463 creatures vanquished.

Vanquished Creatures (others)
  68 fungi
  140 plants
208 creatures vanquished.

Grand Total: 671 creatures vanquished

Notes
Turn   | Place    | Note
-------+----------+-------------------------------------------
     0 | D:1      | CypherZel the Octopode Transmuter began the quest for the
                  | Orb.
     0 | D:1      | Reached XP level 1. HP: 13/13 MP: 3/3
   266 | D:1      | Reached XP level 2. HP: 19/19 MP: 3/5
   758 | D:1      | Reached XP level 3. HP: 25/25 MP: 4/6
  1476 | D:2      | Noticed Natasha
  2311 | D:2      | Reached XP level 4. HP: 31/31 MP: 5/7
  3230 | D:2      | Found a radiant altar of Vehumet.
  3280 | D:2      | Found a stormy altar of Qazlal.
  3493 | D:2      | Killed Natasha
  3493 | D:2      | Reached XP level 5. HP: 17/36 MP: 7/9
  3791 | D:2      | Found a faded altar of an unknown god.
  3965 | D:2      | Noticed Natasha
  3973 | D:2      | Killed Natasha
  4953 | D:3      | Reached XP level 6. HP: 42/42 MP: 11/11
  4960 | D:3      | Learned a level 2 spell: Wereblood
  4974 | D:3      | Found a glowing silver altar of Zin.
  5389 | D:3      | Found a runed translucent door.
  5390 | D:3      | Noticed Crazy Yiuf
  5891 | D:4      | Noticed a phantom
  6226 | D:4      | Noticed a black bear
  7085 | D:4      | Learned a level 3 spell: Spider Form
  7505 | D:5      | Entered Level 5 of the Dungeon
  7672 | D:5      | HP: 2/43 [poisoned by a worker ant]
  8050 | D:5      | Noticed Sigmund
  8227 | D:4      | Killed a phantom
  8227 | D:4      | Reached XP level 7. HP: 48/48 MP: 5/12
  8656 | D:4      | Noticed Ijyb
  8658 | D:4      | Killed Ijyb
  9698 | D:5      | Killed Sigmund
 10120 | D:5      | Reached XP level 8. HP: 35/54 MP: 11/14
 10311 | D:5      | Noticed Grinder
 10769 | D:5      | Reached skill level 5 in Fighting
 10769 | D:5      | Reached skill level 5 in Unarmed Combat
 10769 | D:5      | Reached skill level 5 in Transmutations
 11221 | D:5      | Found a blossoming altar of Fedhas.
 11358 | D:5      | Paralysed by Grinder for 3 turns
 11369 | D:5      | Killed Grinder
 11369 | D:5      | Reached skill level 5 in Spellcasting
 12447 | D:6      | Noticed Blork the orc
 12514 | D:6      | Killed Blork the orc
 12600 | D:6      | Reached XP level 9. HP: 41/62 MP: 15/17
 12863 | D:6      | Noticed a two-headed ogre
 13147 | D:6      | Got a glittering lapis lazuli ring
 13148 | D:6      | Identified the ring "Yrghomi" {MR+ Dex+6} (You found it on
                  | level 6 of the Dungeon)
 13254 | D:6      | Noticed Prince Ribbit
 14486 | D:7      | Learned a level 5 spell: Blade Hands
 14491 | D:7      | Learned a level 4 spell: Ice Form
 14835 | D:7      | Found a staircase to the Ecumenical Temple.
 14841 | Temple   | Entered the Ecumenical Temple
 14884 | Temple   | Became a worshipper of Cheibriados the Contemplative
 15339 | D:8      | Found a shimmering blue altar of Sif Muna.
 15347 | D:8      | Found an ornate altar of the Wu Jian Council.
 15348 | D:8      | Found a white marble altar of Elyvilon.
 15350 | D:8      | Found a sacrificial altar of Ru.
 15352 | D:8      | Found a broken altar of Ashenzari.
 15393 | D:8      | Found a sparkling altar of Nemelex Xobeh.
 15393 | D:8      | Noticed Grum
 15405 | D:8      | Killed Grum
 15466 | D:8      | Noticed a two-headed ogre
 16103 | D:8      | Found a runed translucent gate.
 16103 | D:8      | Found a runed translucent gate.
 16107 | D:8      | Found a runed translucent gate.
 16107 | D:8      | Noticed Bliebski's ghost (novice OpTm)
 16393 | D:9      | Reached * piety under Cheibriados
 16395 | D:9      | Reached XP level 10. HP: 39/71 MP: 12/20
 17372 | D:9      | Reached skill level 1 in Stealth
 17642 | D:9      | Noticed an orange crystal statue
 17736 | D:9      | Found a staircase to the Lair.
 17900 | D:9      | Reached ** piety under Cheibriados
 18338 | Lair:1   | Entered Level 1 of the Lair of Beasts
 18339 | Lair:1   | Noticed a five-headed hydra
 18340 | Lair:1   | a five-headed hydra changed into a tyrant leech
 18485 | Lair:1   | Noticed a cane toad
 19175 | D:10     | Entered Level 10 of the Dungeon
 19734 | D:10     | Found Egiry's Armour Boutique.
 19895 | D:10     | Noticed a two-headed ogre
 19927 | D:10     | a two-headed ogre changed into a golden eye
 19991 | D:10     | Reached skill level 5 in Stealth
 20355 | D:10     | Reached XP level 11. HP: 78/78 MP: 11/21
 20544 | D:10     | Reached *** piety under Cheibriados
 21682 | Lair:1   | Noticed Gastronok
 21711 | Lair:1   | Reached skill level 5 in Dodging
 21724 | Lair:1   | Learned a level 7 spell: Orb of Destruction
 22587 | Lair:1   | Reached **** piety under Cheibriados
 22587 | Lair:1   | Reached skill level 1 in Conjurations
 23151 | Lair:2   | Noticed an ice dragon
 23203 | Lair:1   | Killed Gastronok
 23261 | Lair:1   | Learned a level 5 spell: Bolt of Magma
 23274 | Lair:2   | Found a runed translucent gate.
 23274 | Lair:2   | Found a runed translucent gate.
 23274 | Lair:2   | Found a runed translucent gate.
 23279 | Lair:2   | Reached XP level 12. HP: 66/86 MP: 14/22
 23665 | Lair:2   | Noticed an eight-headed hydra
 23811 | Lair:2   | Found a frozen archway.
 23821 | IceCv    | Entered an ice cave
 23831 | IceCv    | Reached skill level 5 in Conjurations
 24599 | Lair:2   | HP: 1/86 [elephant (14)]
 25542 | Lair:2   | Killed an eight-headed hydra
 25763 | Lair:2   | Reached ***** piety under Cheibriados
 26198 | Lair:2   | Noticed Hakynarric's ghost (journeyman TrFi)
 27074 | Lair:3   | Reached XP level 13. HP: 52/90 MP: 15/25
 27754 | Lair:3   | Reached skill level 10 in Conjurations
 28807 | Lair:4   | Reached skill level 10 in Fighting
 28807 | Lair:4   | Reached skill level 10 in Unarmed Combat
 30361 | Lair:4   | Found a staircase to the Snake Pit.
 30990 | Lair:4   | Reached ****** piety under Cheibriados
 30991 | Lair:4   | Found a staircase to the Swamp.
 32674 | Lair:5   | Found a shadowy altar of Dithmenos.
 32897 | Lair:5   | Reached XP level 14. HP: 74/101 MP: 22/27
 34169 | Lair:6   | Entered Level 6 of the Lair of Beasts
 34629 | Lair:5   | Learned a level 7 spell: Spellforged Servitor
 35682 | Lair:6   | Identified Meithryto's Further Steps in the Arcane Arts
 36164 | Lair:6   | Reached skill level 10 in Spellcasting
 36412 | Lair:6   | Reached skill level 1 in Summonings
 36533 | Lair:6   | Reached skill level 1 in Evocations
 36557 | Lair:6   | HP: 2/154 [death yak (14)]
 36557 | Lair:6   | Slain by a death yak

Illustrated notes

Levels and vault maps discovered:
D:1:      nagdon_arrival_zigzag_paths, layout_loops_corners, hex_large
D:2:      layout_basic, vehumet_crystals, old_standard_altar,
          chequers_ecumenical_altar_island, serial_rivers,
          chequers_serial_rivers_small_3, chequers_serial_rivers_marsh,
          chequers_serial_rivers_micro_c, chequers_serial_rivers_room_b,
          uniq_natasha
D:3:      layout_rooms, nicolae_overflow_hidden_temple,
          minmay_shallow_snake_nest, uniq_crazy_yiuf_cottage
D:4:      layout_basic, uniq_ijyb
D:5:      layout_rooms, basic_altar, serial_corexii_hall,
          corexii_hall_statues_x, chequers_hall_statues_wall_a, sigmund_army,
          uniq_grinder
D:6:      layout_basic, uniq_blork_the_orc, uniq_prince_ribbit1
D:7:      layout_loops_cross, minmay_temple_entry_enclosed_plants,
          grunt_decor_fettered, grunt_decor_one_mirror
D:8:      layout_loops_ring, minitemple, ebering_ghost_rock_garden,
          nemelex_lonely_heart_becter, uniq_grum
D:9:      layout_roguey, david_lair_shrubbed, minivault_16
D:10:     layout_loops_ring, serial_shops, kennysheep_little_box
Temple:   eino_temple_lava
Lair:1:   layout_small_grid, special_room, grunt_megastairs_4, uniq_gastronok
Lair:2:   layout_loops_ring, gammafunk_ghost_icy, portal_ice_cave_rime,
          grunt_megastairs_1, lemuel_fruit_fields
Lair:3:   layout_gridlike, serial_bayou, serial_bayou_pond_a,
          serial_bayou_lagoon_a, serial_bayou_ford_a, serial_bayou_pond_c,
          small_statue_intersection
Lair:4:   layout_big_grid, nicolae_swamp_entry_splash_gauntlet,
          minmay_snake_entry_guardpost_large, grunt_megastairs_5
Lair:5:   layout_regular_city, basic_altar, st_stairs_9,
          kennysheep_abandoned_house, minmay_lair_oklob_chamber
Lair:6:   due_jungle_book, layout_long_grid, minmay_slime_entry_pillars,
          ice2_lemuel

Skill      XL: |  1  2  3  4  5  6  7  8  9 10 11 12 13 14 |
---------------+-------------------------------------------+-----
Fighting       | 2 3 4 5 7 8 9 11 12 | 12.0
Transmutations | 3 4 5 7 |  7.5
Spellcasting   | 3 4 5 6 7 8 9 10 | 10.0
Unarmed Combat | 4 5 7 8 9 11 12 | 12.0
Stealth        | 5 9 |  9.0
Dodging        | 4 6 |  6.0
Conjurations   | 3 9 10 11 | 11.0
Summonings     | 2 |  2.8
Evocations     | 2 |  2.3

Action                   |  1- 3 |  4- 6 |  7- 9 | 10-12 | 13-15 || total
-------------------------+-------+-------+-------+-------+-------++-------
Melee: Unarmed           |    52 |   171 |   264 |   333 |   263 ||  1083
       Kick              |    12 |    38 |    11 |     1 |       ||    62
       Tentacles         |     8 |    27 |    16 |    84 |    79 ||   214
       Constrict         |    10 |    38 |    16 |    65 |    38 ||   167
       Punch             |     1 |     2 |     3 |    35 |    45 ||    86
       Staff             |       |       |       |     9 |    27 ||    36
Throw: Stone             |       |    11 |    32 |    37 |    16 ||    96
 Cast: Beastly Appendage |    25 |    40 |     7 |     2 |       ||    74
       Spider Form       |       |     2 |    35 |       |       ||    37
       Wereblood         |       |       |     4 |    18 |    10 ||    32
       Blade Hands       |       |       |    15 |    67 |    45 ||   127
       Ice Form          |       |       |       |     8 |    10 ||    18
       Bolt of Magma     |       |       |       |     8 |    11 ||    19
       Orb of Destructio |       |       |       |       |     6 ||     6
Evoke: Wand              |       |     4 |    21 |     6 |       ||    31
  Use: Scroll            |     4 |     8 |     7 |     7 |     6 ||    32
       Potion            |       |       |     1 |     9 |     4 ||    14
 Stab: Sleeping          |     4 |     1 |     3 |     2 |     6 ||    16
       Paralysed         |       |     2 |    16 |       |       ||    18
       Distracted        |       |       |       |     2 |     1 ||     3
Armor: Skin              |     4 |    11 |     5 |    47 |    68 ||   135
Dodge: Dodged            |    21 |   109 |   164 |   248 |   241 ||   783

Table legend: (Time is in decaauts)
 A = Elapsed time spent in this place.
 B = Non-inter-level travel time spent in this place.
 C = Inter-level travel time spent in this place.
 D = Time resting spent in this place.
 E = Time spent auto-exploring this place.
 F = Levels seen in this place.
 G = Mean time per level.
                   A        B        C        D        E       F      G
               +--------+--------+--------+--------+--------+-----+--------+
         Total |  42040 |  40113 |   1927 |  18110 |  12802 |  18 | 2335.6 |
       Dungeon |  22136 |  20552 |   1584 |   9638 |   6394 |  10 | 2213.6 |
        Temple |     55 |     45 |     10 |      0 |      0 |   1 |   55.0 |
          Lair |  19352 |  19020 |    332 |   8132 |   6407 |   6 | 3225.3 |
      Ice Cave |    497 |    497 |      0 |    340 |      0 |   1 |  497.0 |
               +--------+--------+--------+--------+--------+-----+--------+

Top non-repeatable levels by time:
  Lair:4: 5006 daAuts
  Lair:1: 3888 daAuts
     D:4: 3887 daAuts
     D:9: 3066 daAuts
  Lair:5: 3030 daAuts
     D:5: 2720 daAuts
  Lair:6: 2567 daAuts
  Lair:3: 2540 daAuts
     D:2: 2409 daAuts
  Lair:2: 2317 daAuts
    D:10: 2261 daAuts
     D:1: 2019 daAuts
     D:8: 1697 daAuts
     D:3: 1491 daAuts
     D:7: 1449 daAuts
